 Dungeon Crawl Stone Soup version 0.21.1-1-g345015f (webtiles) character file.

17988 lotte the Cleaver (level 12, -2/120 HPs)
             Began as a Deep Dwarf Berserker on June 24, 2018.
             Was a Believer of Trog.
             Slain by a 19-headed hydra (7 damage)
             ... on level 3 of the Lair of Beasts.
             The game lasted 01:28:04 (11026 turns).

lotte the Cleaver (Deep Dwarf Berserker)           Turns: 11026, Time: 01:28:05

Health: -2/120     AC: 17    Str: 25    XL:     12   Next: 23%
Magic:  12/12      EV:  8    Int: 12    God:    Trog [**....]
Gold:   580        SH:  0    Dex: 12    Spells: 11/11 levels left

rFire    . . .     SeeInvis .   z - +4 hand axe (vamp)
rCold    . . .     Gourm    .   (no shield)
rNeg     + . .     Faith    .   C - +1 plate armour
rPois    .         Spirit   .   k - +1 hat {Int+3}
rElec    .         Reflect  .   (no cloak)
rCorr    +         Harm     +   (no gloves)
MR       +....                  (no boots)
Stlth    ..........             y - amulet of harm
HPRegen  0.00/turn              t - ring of resist corrosion
MPRegen  0.13/turn              M - ring of positive energy

@: about to teleport, berserk cooldown, non-regenerating, slowed, very slow
A: damage resistance, heal wounds, sense surroundings 2, no regeneration
a: Heal Wounds, Berserk, Trog's Hand, Burn Spellbooks, Renounce Religion


You were on level 3 of the Lair of Beasts.
You worshipped Trog.
Trog was pleased with you.
You were hungry.

You visited 3 branches of the dungeon, and saw 13 of its levels.

You collected 580 gold pieces.

Inventory:

Hand Weapons
 a - a +0 hand axe
 n - a +0 war axe
 o - a +2 hand axe of electrocution
 u - a +0 giant spiked club
 z - a +4 vampiric hand axe (weapon)
 B - a +0 flail
 F - a cursed -2 war axe
 I - the +9 war axe "Jujor" {chop, rF+ Int+2, unknown}
   (You found it on level 8 of the Dungeon)

   It inflicts extra damage upon your enemies.
   It affects your intelligence (+2).
   It protects you from fire.
Armour
 j - a +0 scale mail
 k - a +1 hat of intelligence (worn)
 C - a +1 plate armour (worn)
 P - a cursed +0 leather armour
Jewellery
 l - an uncursed amulet of rage
 t - a ring of resist corrosion (left hand)
 y - an amulet of harm (around neck)
 L - an uncursed ring of resist corrosion
 M - a ring of positive energy (right hand)
Wands
 b - a wand of polymorph (10)
 D - a wand of paralysis (11)
 G - a wand of iceblast (6)
 Q - a wand of digging (3)
Scrolls
 d - a scroll of amnesia
 e - a scroll of magic mapping
 f - 5 scrolls of identify
 m - 3 scrolls of fog
 p - 2 scrolls of teleportation
 r - 4 scrolls of remove curse
 s - 2 scrolls of immolation
 v - 3 scrolls of enchant armour
 E - 2 scrolls of fear {unknown}
 H - 2 scrolls of blinking {unknown}
 U - a scroll of torment {unknown}
Potions
 g - 2 potions of brilliance
 h - 3 potions of degeneration
 i - 6 potions of curing
 q - 2 potions of berserk rage
 w - a potion of mutation {unknown}
 x - 3 potions of heal wounds
 A - a potion of invisibility {unknown}
 J - 2 potions of ambrosia {unknown}
 K - a potion of flight {unknown}
 N - a potion of resistance {unknown}
 O - 2 potions of lignification {unknown}
Books
 R - a book of Frost

   Spells                             Type                      Level
   a - Freeze                         Ice                          1
   b - Throw Frost                    Conjuration/Ice              2
   c - Ozocubu's Armour               Charms/Ice                   3
   d - Throw Icicle                   Conjuration/Ice              4
   e - Summon Ice Beast               Ice/Summoning                4
   Trog disapproves of the use of such an item.
 S - a book of the Sky

   Spells                             Type                      Level
   a - Summon Lightning Spire         Summoning/Air                4
   b - Silence                        Hexes/Air                    5
   c - Deflect Missiles               Charms/Air                   6
   d - Conjure Ball Lightning         Conjuration/Air              6
   e - Tornado                        Air                          9
   Trog disapproves of the use of such an item.
Comestibles
 c - 7 rations
 T - 7 chunks of flesh


   Skills:
 * Level 11.4 Fighting
 + Level 13.3 Axes
 + Level 11.6 Armour
 - Level 2.6 Dodging
 + Level 2.1 Stealth


You had 11 spell levels left.
You didn't know any spells.

Dungeon Overview and Level Annotations

Branches:
Dungeon (9/15)             Temple (0/1) D:4            Lair (3/6) D:9
 Shoals (0/4) Lair:2        Snake (1/4) Lair:2
    Orc: D:9-12

Altars:
Fedhas
Qazlal
Sif Muna
Trog
Zin

Shops:
D:4 :

Annotations:
D:8 exclusion: hippogriff


Innate Abilities, Weirdness & Mutations

You are resistant to damage.
You can heal yourself by infusing magical energy.
You passively map the area around you.
You do not regenerate.


Message History

The 19-headed hydra bites you but does no damage. x2
The 19-headed hydra barely misses you.
The 19-headed hydra bites you but does no damage.
The 19-headed hydra bites you.
* * * LOW HITPOINT WARNING * * *
The 19-headed hydra bites you.
* * * LOW HITPOINT WARNING * * *
The 19-headed hydra bites you but does no damage.
The 19-headed hydra bites you.
* * * LOW HITPOINT WARNING * * *
The 19-headed hydra bites you but does no damage. x4
As you read the scroll of teleportation, it crumbles to dust.
You feel strangely unstable.
The 19-headed hydra closely misses you. x2
The 19-headed hydra barely misses you. The 19-headed hydra bites you!
* * * LOW HITPOINT WARNING * * *
The 19-headed hydra bites you but does no damage. x2
The 19-headed hydra bites you!
* * * LOW HITPOINT WARNING * * *
The 19-headed hydra bites you!
You die...

,,,,, ,, #........... ,
* ##........... , ,
##....##...... ≈ ≈ ≈ *
#......##...## ≈
###...#......# ,≈≈ ≈
##....#.....# , ,, ,
#P........... ,, *
########........... ,,*
#.@..####..#......P , ,*
*#.D................ ,,
, #.†††.........#..... ,
,...............(.......
,
..##.#.#..#.............
, ....#....#......###...
, * ....##...#####...#
*... * ..... #...# #####
.. , ...., #...# ,


You could see a 19-headed hydra.

Vanquished Creatures
  2 hydras
  A two-headed ogre (D:9)
  Pikel (D:6)
  4 elephants (Lair:2)
  3 black mambas (Lair:2)
  3 spiny frogs
  3 komodo dragons
  2 rime drakes
  A merfolk (Lair:2)
  Prince Ribbit (D:5)
  2 hippogriffs
  2 wyverns
  21 yaks
  A steam dragon (Lair:2)
  2 basilisks
  The ghost of iamserjio the Sneak, an amateur GnAs (D:4)
  13 water moccasins
  2 porcupines (Lair:1)
  Duvessa (D:5)
  3 orc warriors
  A phantom (D:7)
  A black bear (D:9)
  3 slaves (D:6)
  An ogre (D:7)
  9 wolves
  7 centaurs
  5 crocodiles
  A big kobold (D:8)
  Blork the orc (D:6)
  5 bullfrogs
  A water moccasin zombie (D:8)
  Dowan (D:5)
  A water moccasin skeleton (D:7)
  2 scorpions
  6 killer bees (D:7)
  5 howler monkeys
  A crimson imp (D:5)
  A centaur zombie (D:6)
  A jelly (D:5)
  4 hounds
  9 orc priests
  A bullfrog skeleton (D:5)
  10 orc wizards
  3 iguanas
  Terence (D:3)
  7 worker ants
  3 gnolls (D:3)
  A howler monkey skeleton (D:3)
  12 adders
  2 shadow imps
  An adder zombie (D:7)
  2 worms (D:2)
  7 leopard geckos
  39 orcs
  3 giant cockroaches
  8 goblins
  7 hobgoblins
  2 jackals (D:1)
  3 quokkas
  A ball python (D:2)
  11 bats
  3 frilled lizards
  7 kobolds
  8 rats
  A butterfly (Lair:2)
  5 fungi
  A plant (Lair:3)
284 creatures vanquished.

Vanquished Creatures (others)
  2 water moccasins (Lair:2)
  A bullfrog (D:6)
  An adder (Lair:2)
  An orc (D:6)
  A ball python (Lair:2)
  A fungus (Lair:2)
  4 plants
11 creatures vanquished.

Grand Total: 295 creatures vanquished

Notes
Turn   | Place    | Note
-------+----------+-------------------------------------------
     0 | D:1      | lotte the Deep Dwarf Berserker began the quest for the Orb.
     0 | D:1      | Reached XP level 1. HP: 20/20 MP: 1/1
   131 | D:1      | Reached XP level 2. HP: 20/27 MP: 2/2
   619 | D:1      | You fall through a shaft!
   766 | D:2      | Reached ** piety under Trog
   804 | D:2      | Reached XP level 3. HP: 8/34 MP: 3/3
   977 | D:2      | Reached skill level 4 in Axes
  1571 | D:3      | Reached XP level 4. HP: 7/42 MP: 4/4
  1764 | D:3      | Noticed a hippogriff
  1777 | D:3      | Killed a hippogriff
  1777 | D:3      | Reached skill level 5 in Axes
  1777 | D:3      | Reached XP level 5. HP: 15/50 MP: 5/5
  1777 | D:3      | Reached XP level 6. HP: 17/57 MP: 6/6
  1946 | D:3      | Noticed Terence
  1957 | D:3      | Killed Terence
  2384 | D:3      | Reached skill level 6 in Axes
  2686 | D:4      | Reached XP level 7. HP: 29/66 MP: 7/7
  2757 | D:4      | Noticed iamserjio's ghost (amateur GnAs)
  2763 | D:4      | Killed iamserjio's ghost
  2763 | D:4      | Reached skill level 5 in Fighting
  2965 | D:4      | Found a staircase to the Ecumenical Temple.
  3120 | D:4      | Reached skill level 7 in Axes
  3126 | D:4      | Found Neliott's Book Shoppe.
  3254 | D:4      | Found a blossoming altar of Fedhas.
  3257 | D:4      | Found a glowing silver altar of Zin.
  3258 | D:4      | Found a stormy altar of Qazlal.
  3471 | D:4      | Found a deep blue altar of Sif Muna.
  3514 | D:5      | Entered Level 5 of the Dungeon
  3815 | D:5      | Paralysed by fainting for 8 turns
  3826 | D:5      | Paralysed by fainting for 5 turns
  3978 | D:5      | Reached skill level 5 in Armour
  3978 | D:5      | Reached XP level 8. HP: 49/75 MP: 8/8
  4077 | D:5      | Noticed Duvessa
  4078 | D:5      | Noticed Dowan
  4089 | D:5      | Killed Duvessa
  4095 | D:5      | Killed Dowan
  4114 | D:5      | Noticed Prince Ribbit
  4211 | D:5      | Killed Prince Ribbit
  4211 | D:5      | Reached skill level 8 in Axes
  4211 | D:5      | Reached skill level 1 in Stealth
  4814 | D:6      | Noticed Pikel
  4833 | D:6      | Killed Pikel
  4833 | D:6      | Reached skill level 9 in Axes
  4833 | D:6      | Gained mutation: You passively map the area around you. [Deep Dwarf growth]
  4833 | D:6      | Reached XP level 9. HP: 85/85 MP: 9/9
  5258 | D:6      | Noticed Blork the orc
  5282 | D:6      | Killed Blork the orc
  5871 | D:7      | Reached skill level 10 in Axes
  6386 | D:7      | Reached *** piety under Trog
  6386 | D:7      | Reached XP level 10. HP: 89/96 MP: 10/10
  6483 | D:7      | Received a gift from Trog
  6824 | D:8      | Got an ancient war axe
  7235 | D:8      | Paralysed by fainting for 7 turns
  7275 | D:8      | Paralysed by fainting for 6 turns
  7472 | D:8      | Found a bloodstained altar of Trog.
  7731 | D:9      | Noticed a two-headed ogre
  7739 | D:9      | Killed a two-headed ogre
  7739 | D:9      | Reached skill level 11 in Axes
  7954 | D:9      | Found a staircase to the Lair.
  8260 | Lair:1   | Entered Level 1 of the Lair of Beasts
  8763 | Lair:1   | Noticed a four-headed hydra
  8767 | Lair:1   | Noticed a spiny frog
  8797 | Lair:1   | Killed an 18-headed hydra
  8797 | Lair:1   | Reached XP level 11. HP: 66/106 MP: 11/11
  8805 | Lair:1   | Reached skill level 12 in Axes
  8805 | Lair:1   | Reached skill level 10 in Armour
  9220 | Lair:2   | Reached skill level 10 in Fighting
  9224 | Lair:2   | Noticed a five-headed hydra
  9254 | Lair:2   | Killed a 19-headed hydra
  9628 | Lair:2   | Found a staircase to the Snake Pit.
  9714 | Snake:1  | Entered Level 1 of the Snake Pit
 10669 | Lair:3   | Reached skill level 13 in Axes
 10669 | Lair:3   | Reached XP level 12. HP: 107/120 MP: 12/12
 10997 | Lair:3   | Noticed a seven-headed hydra
 11026 | Lair:3   | HP: 5/120 [19-headed hydra (9)]
 11026 | Lair:3   | Slain by a 19-headed hydra

Skill      XL: |  1  2  3  4  5  6  7  8  9 10 11 |
---------------+----------------------------------+-----
Fighting       | 3 4 5 6 7 9 11 | 11.4
Axes           | 4 5 6 7 9 10 11 13 | 13.3
Armour         | 3 4 5 7 8 9 11 | 11.6
Stealth        | 1 2 |  2.1
Dodging        | |  2.6

Action                   |  1- 3 |  4- 6 |  7- 9 | 10-12 || total
-------------------------+-------+-------+-------+-------++-------
Melee: Hand axe          |   161 |    66 |   347 |   583 ||  1157
       War axe           |       |   117 |    73 |       ||   190
Invok: Trog's Hand       |     3 |     6 |    17 |    24 ||    50
       Berserk           |     1 |     1 |     5 |    14 ||    21
       Burn Spellbooks   |       |       |       |     1 ||     1
  Use: Scroll            |       |       |    14 |     2 ||    16
       Potion            |       |       |       |     3 ||     3
 Stab: Sleeping          |     1 |       |       |       ||     1
  Eat: Chunk             |     3 |     3 |    15 |    17 ||    38
       Ration            |       |     1 |     4 |     6 ||    11
Armor: Ring mail         |    36 |       |       |       ||    36
       Scale mail        |    59 |    79 |    47 |       ||   185
       Plate armour      |       |       |   154 |   434 ||   588
Dodge: Dodged            |   155 |   133 |   175 |   290 ||   753
